Map: [ESL] Site Delta

Players

Astrea - Winner!

  • Race: Protoss Protoss
  • Spawn Location: 11:00

Kelazhur

  • Race: Terran Terran
  • Spawn Location: 5:00

Event: ESL SC2 Masters 2023 Winter (Regional)

VOD

Have the link to the VOD?

Description

Time

  • Played on: Nov. 19, 2023, 2:34 p.m.
  • Length: 15:58

All games in this series

Show
View Real Time Build Order
Export as new Build Order

Astrea Protoss - Winner!

Build Orders: 1 Gate Expand, Blink Stalkers 

Get SALT Encoding   

  12  0:00  Probe  
  13  0:12  Probe  
  14  0:17  Pylon  
  14  0:24  Probe  
  15  0:35  Gateway  
  15  0:38  Probe (Chrono Boost)  
  16  0:43  Assimilator  
  16  0:48  Probe (Chrono Boost)  
  17  0:52  Probe (Chrono Boost)  
  18  1:04  Probe  
  19  1:16  Probe  
  20  1:24  Cybernetics Core  
  20  1:33  Nexus  
  20  1:37  Probe  
  21  1:42  Pylon  
  21  1:49  Probe  
  21  1:52  Assimilator  
  22  1:57  Adept (Chrono Boost)  
  24  2:04  Shield Battery  
  24  2:08  Probe  
  25  2:11  Warp Gate  
  25  2:18  Adept (Chrono Boost)  
  25  2:20  Probe  
  28  2:31  Twilight Council  
  28  2:34  Probe  
  29  2:42  Stalker  
  31  2:48  Probe  
  32  2:54  Probe  
  33  3:00  Blink (Chrono Boost), Probe  
  34  3:06  Probe  
  35  3:13  Probe  
  35  3:18  Probe  
  37  3:23  Gateway  
  37  3:25  Probe  
  38  3:30  Probe  
  38  3:31  Gateway  
  38  3:33  Sentry  
  41  3:38  Probe  
  42  3:43  Probe  
  42  3:44  Pylon  
  43  3:50  Probe  
  43  3:55  Probe  
  43  4:04  Phoenix  
  43  4:05  Probe  
  43  4:07  Stalker  
  43  4:09  Nexus  
  44  4:13  Probe  
  44  4:14  Pylon  
  45  4:17  Probe  
  45  4:19  Stalker  
  48  4:27  Stalker  
  48  4:29  Pylon  
  50  4:32  Probe x2  
  50  4:35  Stalker  
  54  4:43  Stalker  
  54  4:44  Probe  
  57  4:46  Probe  
  58  4:53  Stalker  
  58  4:56  Probe  
  58  4:58  Probe  
  62  5:03  Forge  
  62  5:04  Forge  
  62  5:05  Charge  
  62  5:08  Probe  
  62  5:10  Probe  
  64  5:20  Nexus, Probe  
  65  5:24  Probe x2  
  65  5:26  Protoss Ground Weapons Level 1 (Chrono Boost)  
  65  5:28  Sentry  
  69  5:32  Pylon  
  69  5:33  Probe  
  70  5:38  Protoss Ground Armor Level 1 (Chrono Boost)  
  70  5:39  Probe x2  
  72  5:45  Probe  
  73  5:50  Gateway, Zealot x2  
  73  5:51  Probe  
  73  5:52  Probe  
  79  5:57  Probe  
  78  6:04  Probe  
  78  6:05  Zealot  
  80  6:11  Probe  
  80  6:13  Stalker x2  
  80  6:14  Probe  
  80  6:16  Probe  
  80  6:17  Gateway x2  
  86  6:22  Pylon  
  86  6:23  Probe  
  85  6:26  Probe  
  85  6:28  Probe  
  87  6:34  Probe  
  87  6:35  Probe  
  87  6:38  Probe  
  90  6:40  Zealot x3  
  90  6:41  Probe  
  90  6:44  Gateway  
  90  6:45  Gateway  
  90  6:46  Gateway, Probe  
  98  6:47  Probe  
  98  6:50  Pylon, Zealot, Probe  
  98  6:53  Probe  
  103  7:02  Zealot x3  
  103  7:04  Robotics Facility  
  109  7:12  Protoss Ground Armor Level 2 (Chrono Boost)  
  109  7:13  Zealot x3  
  109  7:14  Pylon  
  115  7:16  Protoss Ground Weapons Level 2 (Chrono Boost)  
  115  7:18  Pylon  
  115  7:22  Nexus  
  109  7:29  Zealot x3  
  115  7:35  Gateway, Zealot x3  
  121  7:42  Pylon  
  121  7:44  Zealot x3  
  121  7:51  Zealot x3  
  133  7:53  Observer  
  133  7:57  Pylon  
  133  7:58  Zealot x3  
  136  8:01  Gateway  
  138  8:07  Zealot x3  
  138  8:12  Pylon, Probe x4  
  148  8:14  Pylon, Gateway  
  146  8:20  Zealot  
  146  8:24  Zealot x4  
  156  8:30  Warp Prism (Chrono Boost)  
  156  8:33  Pylon  
  158  8:35  Pylon, Zealot x5  
  168  8:43  Zealot  
  160  8:52  Zealot x4  
  139  9:02  Zealot x6  
  145  9:06  Stalker  
  139  9:11  Nexus  
  123  9:17  Stalker x5  
  123  9:23  Probe x5  
  137  9:25  Pylon  
  137  9:28  Protoss Ground Weapons Level 3 (Chrono Boost), Protoss Ground Armor Level 3 (Chrono Boost)  
  137  9:31  Zealot x7  
  145  9:35  Probe  
  152  9:44  Zealot x5  
  162  9:46  Probe  
  162  9:47  Probe x3  
  164  9:59  Zealot x7  
  160  10:10  Zealot x5  
  152  10:23  Zealot x7  
  152  10:24  Immortal  
  152  10:27  Observer  
  154  10:34  Zealot x5  
  164  10:41  Gateway  
  164  10:42  Gateway x2  
  154  10:45  Gateway, Observer, Probe x5  
  154  10:46  Zealot x6  
  171  10:56  Zealot x6  
  183  10:57  Pylon  
  183  11:00  Pylon  
  183  11:03  Assimilator  
  183  11:04  Assimilator  
  183  11:06  Robotics Facility, Robotics Bay  
  183  11:13  Assimilator  
  183  11:14  Robotics Facility  
  177  11:20  Warp Prism (Chrono Boost)  
  167  11:29  Zealot x9  
  167  11:30  Zealot x3  
  183  11:46  Zealot x4  
  169  11:50  Zealot x12  
  193  11:54  Nexus  
  193  11:55  Disruptor  
  193  12:19  Zealot x6  
  193  12:21  Pylon  
  193  12:22  Disruptor (Chrono Boost)  
  193  12:24  Pylon  
  193  12:26  Pylon  
  193  12:28  Pylon  
  191  12:32  Gateway  
  191  12:34  Dark Shrine  
  191  12:36  Gateway x2  
  180  12:37  Gateway x2  
  180  12:39  Gateway  
  180  12:43  Immortal x2 (Chrono Boost)  
  172  12:47  Assimilator  
  172  12:51  Assimilator  
  180  12:52  Observer  
  180  12:53  Immortal (Chrono Boost)  
  180  12:55  Zealot x4  
  180  12:56  Zealot x3  
  194  13:03  Observer  
  177  13:06  Assimilator  
  171  13:17  Immortal x2 (Chrono Boost)  
  180  13:27  Probe x4  
  180  13:28  Observer, Probe  
  184  13:38  Cybernetics Core  
  184  13:40  Pylon  
  184  13:42  Pylon  
  184  13:44  Pylon  
  184  13:52  Pylon  
  184  13:53  Pylon  
  182  13:58  Probe  
  182  14:00  Pylon  
  157  14:13  Dark Templar x2  
  157  14:15  Dark Templar  
  157  14:16  Zealot x3  
  169  14:19  Assimilator, Probe x5  
  169  14:20  Pylon, Assimilator  
  169  14:21  Pylon  
  174  14:28  Immortal x2  
  183  14:31  Probe x3  
  181  14:39  Zealot x2  
  181  14:42  Zealot  
  157  14:49  Zealot x3  
  157  14:51  Nexus  
  137  15:00  Zealot x2  
  101  15:18  Stalker x4  
  115  15:22  Zealot x2  
  113  15:40  Gateway  
  113  15:41  Gateway  
  101  15:43  Gateway  
  101  15:44  Gateway  
  101  15:46  Stalker x6, Gateway  
  101  15:47  Gateway  
  101  15:48  Shield Battery  
  101  15:49  Gateway  
  93  15:50  Shield Battery  
Show
View Real Time Build Order
Export as new Build Order

Kelazhur Terran 

Build Orders: Reaper Expand 

Get SALT Encoding   

  12  0:00  SCV  
  13  0:12  SCV  
  14  0:17  Supply Depot  
  14  0:24  SCV  
  15  0:39  SCV  
  15  0:40  Barracks  
  16  0:42  Refinery  
  16  0:51  SCV  
  17  1:03  SCV  
  18  1:15  SCV  
  19  1:27  Reaper, Orbital Command  
  20  1:38  Command Center  
  20  1:47  Supply Depot  
  20  1:53  SCV  
  21  1:59  Marine  
  22  2:05  SCV  
  23  2:11  Bunker  
  23  2:17  SCV, Barracks Reactor  
  25  2:30  SCV  
  25  2:42  SCV  
  26  2:54  Command Center, SCV  
  26  2:57  Marine x2  
  29  3:04  Orbital Command  
  28  3:09  Barracks, SCV  
  28  3:11  Barracks  
  29  3:15  Marine x2  
  31  3:21  SCV  
  32  3:28  Engineering Bay  
  32  3:30  SCV  
  32  3:33  Marine x2, SCV  
  36  3:42  SCV  
  36  3:45  SCV  
  38  3:51  Marine x2  
  38  3:54  SCV  
  41  3:57  SCV  
  41  3:58  Barracks Tech Lab x2  
  41  3:59  Terran Infantry Weapons Level 1  
  42  4:06  SCV  
  43  4:10  Orbital Command  
  43  4:11  Marine x2  
  43  4:13  SCV  
  46  4:17  Marauder x2  
  46  4:18  Stimpack, Combat Shield, SCV  
  46  4:22  Supply Depot  
  51  4:25  SCV  
  51  4:30  Marine x2  
  51  4:31  SCV  
  55  4:35  Refinery  
  55  4:37  SCV  
  55  4:39  Marauder  
  55  4:40  Marauder  
  55  4:41  SCV  
  60  4:45  Supply Depot  
  60  4:47  Refinery  
  60  4:49  SCV x2  
  60  4:50  Refinery, Marine  
  60  4:51  Marine  
  64  4:53  SCV  
  65  5:01  Marauder, SCV  
  65  5:04  SCV, Supply Depot  
  69  5:07  Marauder, SCV  
  69  5:11  Supply Depot  
  72  5:15  SCV  
  72  5:17  SCV  
  72  5:19  Marine x2, SCV  
  76  5:21  Factory  
  76  5:26  Marauder, Supply Depot  
  76  5:28  SCV  
  79  5:31  Marauder  
  79  5:32  SCV  
  79  5:34  SCV  
  83  5:44  Marine x2  
  83  5:47  Marauder  
  83  5:48  SCV  
  87  5:50  SCV  
  87  5:53  Marauder  
  87  5:55  Orbital Command  
  90  5:58  Barracks  
  90  5:59  Barracks  
  90  6:00  SCV  
  89  6:05  Marine x2  
  89  6:06  SCV  
  89  6:08  Starport, Marauder  
  94  6:15  Factory Reactor, SCV  
  94  6:17  Marauder  
  97  6:19  SCV  
  97  6:23  Marine x2  
  97  6:25  SCV  
  100  6:28  Terran Infantry Armor Level 1  
  100  6:30  Armory, Concussive Shells, Engineering Bay  
  100  6:31  SCV  
  101  6:37  Supply Depot  
  101  6:39  SCV, Supply Depot  
  102  6:41  Marauder  
  102  6:42  SCV  
  102  6:44  Marauder  
  102  6:45  SCV  
  108  6:48  Barracks Tech Lab  
  108  6:49  Marine, Barracks Reactor  
  109  6:57  Factory Reactor  
  109  6:58  Supply Depot  
  109  6:59  Medivac x2, SCV x2  
  109  7:00  SCV  
  116  7:05  Supply Depot  
  116  7:06  Marauder  
  118  7:11  Bunker  
  118  7:15  Marauder, SCV  
  120  7:16  SCV x2  
  120  7:19  Marine  
  120  7:20  Marine  
  120  7:21  Marauder  
  127  7:24  Terran Infantry Weapons Level 2  
  127  7:26  Marine x2  
  127  7:28  SCV  
  127  7:29  Refinery  
  130  7:30  Marauder  
  130  7:31  Supply Depot  
  130  7:32  Refinery, Supply Depot  
  130  7:33  Medivac  
  130  7:34  Medivac  
  130  7:37  Marauder  
  138  7:38  Widow Mine  
  140  7:44  Missile Turret  
  140  7:45  Marine  
  140  7:47  Missile Turret, Supply Depot  
  141  7:52  Marine x3  
  141  7:53  Marauder, Widow Mine  
  141  7:56  Marauder  
  150  7:59  Widow Mine  
  150  8:02  Marauder, SCV  
  155  8:08  Command Center  
  155  8:11  Ghost Academy  
  154  8:14  Supply Depot x2  
  154  8:16  Supply Depot  
  154  8:18  Missile Turret  
  154  8:20  Missile Turret  
  154  8:21  Missile Turret  
  154  8:22  Widow Mine x2  
  154  8:24  Medivac  
  159  8:28  Marine, Marauder  
  159  8:30  Marauder  
  164  8:36  Marauder  
  164  8:37  Marine  
  164  8:38  Marine  
  164  8:39  Marine  
  160  8:50  Marauder  
  115  8:56  Marine x2, Marauder  
  115  9:00  Marine x2, Marauder  
  115  9:01  Widow Mine x2  
  114  9:03  Terran Infantry Armor Level 2  
  108  9:11  Marauder  
  108  9:14  Marine x2  
  107  9:17  Marine  
  107  9:18  Marine, Marauder  
  107  9:21  Barracks, Marine  
  110  9:24  Barracks  
  110  9:26  Widow Mine x2  
  114  9:31  Medivac x2  
  114  9:32  Marine, Marauder  
  114  9:35  Marine x2  
  114  9:36  Marine  
  124  9:38  Ghost x2  
  124  9:44  Terran Infantry Weapons Level 3  
  124  9:45  Barracks  
  128  9:49  SCV x2  
  128  9:51  Marine  
  128  9:52  Marine  
  131  9:53  Ghost  
  131  9:54  Widow Mine x2  
  131  9:58  Marine  
  128  10:09  Marine x2, Ghost  
  128  10:11  SCV x2  
  128  10:14  Ghost  
  122  10:15  SCV  
  122  10:19  Marine x2  
  122  10:21  Marine x2  
  120  10:22  Marauder  
  120  10:23  SCV x2  
  120  10:25  Medivac x2  
  120  10:27  Widow Mine x2, Marine  
  120  10:28  SCV  
  127  10:32  Marine  
  127  10:35  SCV x2  
  127  10:37  Marine  
  127  10:38  Marauder  
  127  10:40  SCV  
  130  10:43  Marine x2, Marauder  
  130  10:47  SCV x2  
  130  10:48  Planetary Fortress  
  136  10:50  Marine x3  
  136  10:57  Medivac  
  141  10:59  SCV x3  
  144  11:04  Marine x2  
  144  11:05  Marine, Marauder  
  144  11:06  Supply Depot  
  149  11:17  Marauder  
  149  11:18  SCV x2  
  153  11:24  SCV x2  
  154  11:27  Marine x8, Marauder  
  154  11:30  SCV x2  
  165  11:38  Marine  
  166  11:45  Marine x7  
  166  11:46  Marauder  
  167  11:48  Marine  
  167  11:50  Widow Mine x2  
  172  11:56  Marine  
  172  11:57  Medivac x2  
  177  12:02  Marine  
  177  12:03  Marine x3  
  177  12:08  Marine x2, Marauder  
  181  12:13  Marine  
  168  12:17  Marine  
  168  12:18  Marauder  
  168  12:20  Marine x2  
  168  12:21  Marine x2  
  150  12:26  Marine x2  
  143  12:39  Marine x3  
  143  12:41  Marauder x2  
  123  13:20  Orbital Command  
  106  14:09  Marauder, Widow Mine  
  95  14:48  Marine  
  42  15:20  Marine x10  
  51  15:25  Orbital Command  
Tags
 
Add a new tag
Caveats
  • Supply blocks, unpowered buildings, or Contaminate may cause inaccurate times.
  • Supply counts are checked every 10 seconds.